 Dungeon Crawl Stone Soup version 0.30-a0-772-g5528072125 (webtiles) character file.

Game seed: 8969426465753803100

9677 Lokkij the Thaumaturge (level 11, -8/66 HPs)
             Began as a Green Draconian Conjurer on Feb 12, 2023.
             Was a Priest of Hepliaklqana.
             Mangled by a sixfirhy (9 damage)
             ... on level 3 of the Abyss.
             The game lasted 00:40:04 (12745 turns).

Lokkij the Thaumaturge (Green Draconian Conjurer)  Turns: 12745, Time: 00:40:05

Health: -8/66      AC: 12    Str: 10    XL:     11   Next: 26%
Magic:  27/27      EV: 13    Int: 23    God:    Hepliaklqana [***...]
Gold:   465        SH:  0    Dex:  9    Spells: 18/34 levels left

rFire   . . .      SeeInvis .    z - +4 halberd
rCold   + . .      Faith    .    (shield currently unavailable)
rNeg    . . .      Spirit   .    (body armour unavailable)
rPois   +          Reflect  .    (helmet restricted)
rElec   .          Harm     .    A - +0 cloak
rCorr   .          Rampage  .    (no gloves)
Will    .....                    (no boots)
Stlth   ++                       (no amulet)
HPRegen 0.31/turn                H - +4 ring of protection
MPRegen 0.20/turn                m - ring of protection from cold

@: mighty, about to teleport, short of breath, flying
A: reduced essence, breathe noxious fumes, AC +7, unfitting armour, poison
resistance, cold-blooded
a: Breathe Noxious Fumes, Renounce Religion, Recall Ancestor, Ancestor Identity,
Transference


You were on level 3 of the Abyss.
You worshipped Hepliaklqana.
Hepliaklqana was most pleased with you.
You visited 2 branches of the dungeon, and saw 11 of its levels.
You visited the Abyss 1 time.

You collected 465 gold pieces.

Inventory:

Hand Weapons
 g - a +0 whip
 z - a +4 halberd (weapon)
Armour
 A - a +0 cloak (worn)
Magical Staves
 v - a staff of earth
Jewellery
 i - a ring of positive energy
 l - an amulet of faith
 m - a ring of protection from cold (right hand)
 C - a ring of wizardry
 F - an amulet of guardian spirit
 H - a +4 ring of protection (left hand)
 J - a ring of wizardry
Wands
 r - a wand of polymorph (12)
 D - a wand of iceblast (15)
Scrolls
 c - 7 scrolls of poison
 d - 5 scrolls of teleportation
 f - a scroll of summoning {unknown}
 h - a scroll of fog {unknown}
 k - 2 scrolls of enchant weapon
 t - a scroll of blinking {unknown}
 y - a scroll of torment {unknown}
 B - 4 scrolls of immolation
 G - a scroll of fear {unknown}
 I - a scroll of enchant armour {unknown}
Potions
 a - 4 potions of berserk rage
 b - 3 potions of lignification
 j - a potion of cancellation
 n - 3 potions of attraction
 p - a potion of might
 s - a potion of flight
 u - a potion of mutation {unknown}
 w - a potion of brilliance {unknown}
 x - a potion of heal wounds {unknown}


   Skills:
 - Level 6.5 Dodging
 - Level 1.7 Stealth
 * Level 12.0 Spellcasting
 + Level 10.0 Conjurations
 - Level 3.1 Hexes
 + Level 0.2 Ice Magic
 + Level 0.3 Air Magic
 - Level 2.1 Earth Magic


You had 18 spell levels left.
You knew the following spells:

 Your Spells              Type           Power      Damage    Failure   Level
a - Magic Dart            Conj           100%       1d8       1%          1
b - Searing Ray           Conj           100%       2d8       1%          2
c - Iskenderun's Mystic   Conj/Tloc      36%        2d9       6%          4
d - Fulminant Prism       Conj/Hex       22%        3d12      3%          4
e - Freezing Cloud        Conj/Ice/Air   15%        6-21      30%         5

Your spell library contained the following spells:

 Spells                   Type           Power      Damage    Failure   Level
 Slow                     Hex            100%       N/A       1%          1
 Dazzling Flash           Conj/Hex       88%        N/A       1%          3
 Stone Arrow              Conj/Erth      82%        3d12      1%          3
 Confusing Touch          Hex            28%        N/A       3%          3
 Cause Fear               Hex            14%        N/A       12%         4
 Kindle Blastsparks       Fire/Tloc/Air  28%        2d12      13%         3
 Ignite Poison            Fire/Tmut/Pois 13%        N/A       14%         3
 Vampiric Draining        Necr           13%        2d6       14%         3
 Starburst                Conj/Fire      18%        6d7       65%         6
 Dragon Form              Tmut           6%         N/A       100%        7
 Lehudib's Crystal Spear  Conj/Erth      20%        10d6      100%        8
 Dragon's Call            Summ           6%         N/A       100%        9
 Animate Armour           Summ/Erth      Unusable   N/A       N/A         4

Dungeon Overview and Level Annotations

Branches:
Dungeon (10/15)            Temple (1/1) D:5            Lair (0/5) D:10
    Orc (0/2) D:9

Altars:
Ashenzari
Cheibriados
Dithmenos
Elyvilon
Fedhas
Gozag
Hepliaklqana
Kikubaaqudgha
Makhleb
Nemelex Xobeh
Okawaru
Qazlal
Ru
Sif Muna
Trog
Uskayaw
Vehumet
Wu Jian
Xom
Yredelemnul
Zin
The Shining One

Shops:
D:2 :

Annotations:
D:10 2 runed translucent doors


Innate Abilities, Weirdness & Mutations

Your life essence is reduced to manifest your ancestor. (-10% HP)
You can breathe blasts of noxious fumes.
Your lurid green scales are hard. (AC +7)
You cannot fit into any form of body armour.
Your system is resistant to poisons. (rPois)
You are cold-blooded and may be slowed by cold attacks.


Message History

The apocalypse crab poisons you!
The apocalypse crab claws you but does no damage.
You feel very sick.
The apocalypse crab is engulfed in noxious fumes.
The apocalypse crab appears confused.
You feel very sick.
You feel very sick.
As you read the scroll labelled CINNOD CAFIO, it crumbles to dust.
The creatures around you are filled with an inner flame!
It was a scroll of immolation.
You feel sick.
As you read the scroll labelled GAM RUZECZOQ, it crumbles to dust.
You feel strangely unstable.
You feel the power of the Abyss delaying your translocation!
It was a scroll of teleportation.
You feel sick. The apocalypse crab misses you.
The apocalypse crab closely misses you.
You feel sick.
You feel sick. The sixfirhy barely misses you. x2
The sixfirhy attacks as you move away! The sixfirhy hits you.
The sixfirhy shocks you!
You feel sick.
You feel sick.
You feel better. The sixfirhy misses you. The sixfirhy hits you.
The sixfirhy shocks you!
* * * LOW HITPOINT WARNING * * *
The sixfirhy hits you but does no damage.
The sixfirhy misses you.
Okay, then.
Really quaff the potion of lignification?
Okay, then.
It was a potion of might.
You feel very mighty all of a sudden. The sixfirhy closely misses you.
It was a potion of flight.
You feel very buoyant.
You fly up into the air.
The sixfirhy attacks as you move away! The sixfirhy hits you!
* * * LOW HITPOINT WARNING * * *
The sixfirhy shocks you!
* * * LOW HITPOINT WARNING * * *
The sixfirhy hits you!
You die...

#.....#..t..#....
#..............
#...#.....#....
#. ###...## .
#.## ##.## .
#..###t..## #
#...#.....#..
#...3.........
#..@#.....#...
#...###...### ..
##.## #.## #.
#... ...# ... #..
. ..#. .... . ..#
. . ..#. . . .
..### . . # # . .


You could see an apocalypse crab (inner flame) and a sixfirhy.

Vanquished Creatures
  Nergalle (D:10)
  Maggie (D:8)
  A troll (D:9)
  Grinder (D:3)
  A raiju (Abyss:3)
  2 hornets
  A wyvern (D:9)
  8 yaks
  Eustachio (D:6)
  A steam dragon (D:9)
  An acid dragon (D:10)
  A sky beast (D:6)
  2 black bears (D:6)
  3 orc warriors
  3 ice beasts
  2 ogres
  2 centaurs
  5 kobold brigands
  2 bullfrogs
  3 scorpions
  A gnoll sergeant (D:10)
  2 howler monkeys
  2 hounds
  6 orc priests
  3 iguanas (D:5)
  Natasha (thrice) (D:4)
  4 orc wizards
  6 gnolls
  11 adders
  4 shadow imps (D:6)
  4 white imps
  An ufetubus (D:6)
  3 worms
  24 orcs
  10 ball pythons
  5 bats
  8 endoplasms
  2 giant cockroaches (D:2)
  5 goblins
  7 hobgoblins
  4 jackals (D:4)
  4 quokkas
  4 frilled lizards
  15 kobolds
  6 rats
186 creatures vanquished.

Vanquished Creatures (collateral kills)
  A catoblepas (D:10)
  A two-headed ogre (D:10)
  A kobold demonologist (D:10)
  2 trolls
  2 hornets (D:8)
  A jumping spider (shapeshifter) (D:10)
  A shadow (D:9)
  A wyvern (D:9)
  3 yaks (D:10)
  An acid dragon (D:10)
  An ice beast (D:7)
  A kobold brigand (D:8)
  A howler monkey (D:9)
  2 orc wizards (D:10)
  3 orcs
  A kobold (D:8)
23 creatures vanquished.

Vanquished Creatures (others)
  A knight (D:10)
  2 ancestors
  14 fulminant prisms
  A plant (D:10)
18 creatures vanquished.

Grand Total: 227 creatures vanquished

Notes
Turn   | Place    | Note
-------+----------+-------------------------------------------
     0 | D:1      | Lokkij the Draconian Conjurer began the quest for the Orb.
     0 | D:1      | Reached XP level 1. HP: 14/14 MP: 3/3
    36 | D:1      | Found a faded altar of an unknown god.
   326 | D:1      | Reached XP level 2. HP: 20/20 MP: 0/5
   904 | D:2      | Found Apnufi's Book Boutique.
  1416 | D:2      | HP: 1/20 [worm (9)]
  1507 | D:2      | Reached skill level 3 in Spellcasting
  1507 | D:2      | Reached XP level 3. HP: 26/26 MP: 0/7
  1701 | D:2      | Found a bloodstained altar of Trog.
  2203 | D:3      | Learned a level 2 spell: Searing Ray
  2269 | D:3      | Found an iron altar of Okawaru.
  2397 | D:3      | Noticed Grinder
  2627 | D:3      | Reached XP level 4. HP: 17/33 MP: 6/9
  3348 | D:3      | Paralysed by Grinder for 3 turns
  3365 | D:3      | Paralysed by Grinder for 3 turns
  3382 | D:3      | Killed Grinder
  3383 | D:3      | Reached skill level 5 in Spellcasting
  3383 | D:3      | Reached skill level 5 in Conjurations
  3383 | D:3      | Reached XP level 5. HP: 36/38 MP: 0/12
  3383 | D:3      | Reached XP level 6. HP: 42/45 MP: 0/13
  3941 | D:4      | Noticed Natasha
  3960 | D:4      | Killed Natasha
  4320 | D:4      | Found an ornate altar of the Wu Jian Council.
  4476 | D:4      | Noticed Natasha
  4480 | D:4      | Killed Natasha
  4596 | D:4      | Found a stormy altar of Qazlal.
  4597 | D:4      | Noticed a fire elemental
  4598 | D:4      | Noticed a water elemental
  4598 | D:4      | Noticed an air elemental
  4710 | D:4      | Noticed Natasha
  4713 | D:4      | Killed Natasha
  4714 | D:4      | Your scales start taking on a lurid green colour.
  4714 | D:4      | Reached XP level 7. HP: 50/50 MP: 11/15
  4714 | D:4      | Gained mutation: Your system is resistant to poisons.
                  | (rPois) [Green Draconian growth]
  4719 | D:4      | Learned a level 4 spell: Iskenderun's Mystic Blast
  4724 | D:4      | Learned a level 4 spell: Fulminant Prism
  4756 | D:5      | Entered Level 5 of the Dungeon
  4769 | D:5      | Found a staircase to the Ecumenical Temple.
  4774 | Temple   | Entered the Ecumenical Temple
  4774 | Temple   | Found a transporter.
  4774 | Temple   | Found a transporter.
  4776 | Temple   | Found a transporter.
  4776 | Temple   | Found a transporter.
  4820 | Temple   | Became a worshipper of Hepliaklqana the Forgotten
  4880 | D:5      | Reached skill level 6 in Spellcasting
  5113 | D:5      | Found a sacrificial altar of Ru.
  5619 | D:5      | Reached skill level 7 in Spellcasting
  5746 | D:5      | Reached XP level 8. HP: 55/57 MP: 10/18
  6274 | D:6      | Noticed Eustachio
  6275 | D:6      | Reached skill level 8 in Spellcasting
  6288 | D:6      | Killed Eustachio
  6795 | D:6      | Reached XP level 9. HP: 62/62 MP: 10/21
  7597 | D:7      | Reached skill level 9 in Spellcasting
  7933 | D:7      | Reached * piety under Hepliaklqana
  9012 | D:8      | Reached skill level 10 in Spellcasting
  9214 | D:8      | Noticed Maggie
  9230 | D:8      | Killed Maggie
  9545 | D:8      | Reached ** piety under Hepliaklqana
  9546 | D:8      | Remembered your ancestor Manelesi as a knight
  9820 | D:8      | Reached XP level 10. HP: 62/62 MP: 12/24
  9908 | D:8      | Reached skill level 5 in Dodging
 10385 | D:9      | Reached skill level 1 in Earth Magic
 10501 | D:9      | Found a staircase to the Orcish Mines.
 10939 | D:10     | Entered Level 10 of the Dungeon
 10974 | D:10     | Found a staircase to the Lair.
 11001 | D:10     | Reached skill level 11 in Spellcasting
 11113 | D:10     | Found a basalt altar of Yredelemnul.
 11131 | D:10     | Noticed a soul eater
 11132 | D:10     | Reached skill level 1 in Hexes
 11246 | D:10     | Reached *** piety under Hepliaklqana
 11247 | D:10     | Noticed Nergalle
 11259 | D:10     | Noticed a spectral orc warlord
 11259 | D:10     | Killed Nergalle
 11487 | D:10     | Found a large runed translucent door.
 11488 | D:10     | Found a large runed translucent door.
 11488 | D:10     | Noticed an ogre mage
 11489 | D:10     | Noticed a wizard
 11493 | D:10     | Found a large runed translucent door.
 11493 | D:10     | Found a large runed translucent door.
 11590 | D:10     | Noticed a two-headed ogre
 11595 | D:10     | Noticed a catoblepas
 11597 | D:10     | Killed a two-headed ogre
 11598 | D:10     | Reached XP level 11. HP: 66/66 MP: 17/26
 12288 | D:10     | Killed a catoblepas
 12289 | D:10     | Reached skill level 10 in Conjurations
 12558 | Abyss:3  | Cast into level 3 of the Abyss (a wizard)
 12573 | Abyss:3  | Learned a level 5 spell: Freezing Cloud
 12625 | Abyss:3  | Reached skill level 12 in Spellcasting
 12731 | Abyss:3  | Noticed a sixfirhy
 12745 | Abyss:3  | HP: 1/66 [sixfirhy (9)]
 12745 | Abyss:3  | Mangled by a sixfirhy

Illustrated notes

Levels and vault maps discovered:
D:1:      lightli_molten_gateway, layout_loops_cross,
          ebering_ecumenical_altar_mist
D:2:      layout_loops_corners, basic_altar, serial_shops, shop_statue
D:3:      layout_basic, mainiacjoe_overflow_paths, uniq_grinder
D:4:      layout_rooms, nicolae_qazlal_style_of_elements,
          mainiacjoe_overflow_alcove_2, uniq_natasha
D:5:      minmay_chambers_of_fours, layout_rooms, hangedman_ru_absence,
          temple_doors_e
D:6:      layout_loops_ring, serial_demonic, serial_demonic_b, serial_demonic_d,
          serial_demonic_a, serial_demonic_e, uniq_eustachio
D:7:      layout_layer_cave, enter_bailey_5
D:8:      layout_loops_corners, uniq_maggie
D:9:      layout_basic, orc_0_dummy
D:10:     layout_grid_maze, mainiacjoe_overflow_small_starburst,
          dpeg_oklobed_lair, minmay_hollow_rounded_squares, uniq_nergalle
Temple:   hellmonk_temple_divided_pantheon
Abyss:3:  base: D:1, evilmike_abyss_exit_16

Skill      XL: |  1  2  3  4  5  6  7  8  9 10 11 |
---------------+----------------------------------+-----
Spellcasting   | 3 5 7 8 10 11 12 | 12.0
Conjurations   | 5 6 7 8 9 10 | 10.0
Dodging        | 3 4 6 |  6.5
Earth Magic    | 2 |  2.1
Hexes          | 2 3 |  3.1
Stealth        | |  1.7
Ice Magic      | |  0.2
Air Magic      | |  0.3

Action                     |  1- 3 |  4- 6 |  7- 9 | 10-12 || total
---------------------------+-------+-------+-------+-------++-------
  Melee: Unarmed           |    12 |       |       |       ||    12
         Tailslap          |     8 |     3 |     1 |     4 ||    16
         Punch             |     1 |       |       |       ||     1
         Whip              |    49 |    22 |    32 |       ||   103
         Halberd           |       |       |     1 |    33 ||    34
   Cast: Magic Dart        |    88 |    49 |   161 |    36 ||   334
         Searing Ray       |     1 |    12 |    48 |    33 ||    94
         Fulminant Prism   |       |       |     8 |     6 ||    14
         Iskenderun's Myst |       |       |     1 |       ||     1
 Invoke: Ancestor Life: Kn |       |       |     1 |       ||     1
         Transference      |       |       |       |     1 ||     1
Ability: Breathe Noxious F |       |       |     8 |     6 ||    14
    Use: Potion            |     2 |     2 |     1 |     3 ||     8
         Scroll            |       |     7 |       |     5 ||    12
   Stab: Sleeping          |     1 |       |       |       ||     1
 Armour: Skin              |    17 |    13 |    28 |    21 ||    79
  Dodge: Dodged            |    51 |    39 |    70 |    26 ||   186

Table legend: (Time is in decaauts)
 A = Elapsed time spent in this place.
 B = Non-inter-level travel time spent in this place.
 C = Inter-level travel time spent in this place.
 D = Time resting spent in this place.
 E = Time spent auto-exploring this place.
 F = Levels seen in this place.
 G = Mean time per level.
                   A        B        C        D        E       F      G
               +--------+--------+--------+--------+--------+-----+--------+
         Total |  12735 |  12339 |    396 |   2892 |   7515 |  12 | 1061.2 |
       Dungeon |  12481 |  12100 |    381 |   2812 |   7468 |  10 | 1248.1 |
        Temple |     66 |     51 |     15 |      0 |      6 |   1 |   66.0 |
         Abyss |    186 |    186 |      0 |     80 |     41 |   1 |  186.0 |
               +--------+--------+--------+--------+--------+-----+--------+

Top non-repeatable levels by time:
    D:10: 1627 daAuts
     D:3: 1539 daAuts
     D:6: 1497 daAuts
     D:7: 1392 daAuts
     D:2: 1280 daAuts
     D:5: 1237 daAuts
     D:8: 1229 daAuts
     D:4: 1028 daAuts
     D:1: 874 daAuts
     D:9: 775 daAuts
 Abyss:3: 186 daAuts
  Temple: 66 daAuts
